 Dungeon Crawl Stone Soup version 0.27-a0-1105-g946c659c87 (webtiles) character file.

Game seed: 11780409459214958619

3070 kae the Cleaver (level 9, -2/82 HPs)
             Began as a Hill Orc Fighter on Apr 29, 2021.
             Was a Believer of Qazlal.
             Slain by a basilisk (13 damage)
             ... on level 8 of the Dungeon.
             The game lasted 00:05:01 (7157 turns).

kae the Cleaver (Hill Orc Fighter)                  Turns: 7157, Time: 00:05:02

Health: -2/82      AC:  8    Str: 22    XL:     9   Next: 88%
Magic:  11/11      EV:  7    Int:  8    God:    Qazlal [**....]
Gold:   494        SH: 12    Dex: 10    Spells: 8/8 levels left

rFire    . . .     SeeInvis .   a - +0 war axe (elec)
rCold    . . .     Faith    .   c - +0 kite shield
rNeg     . . .     Spirit   .   b - +0 scale mail
rPois    .         Reflect  .   (no helmet)
rElec    .         Harm     .   (no cloak)
rCorr    .         Rampage  .   (no gloves)
Will     .....                  (no boots)
Stlth    ..........             i - amulet of regeneration
HPRegen  1.23/turn              m - ring of wizardry
MPRegen  0.12/turn              p - ring of wizardry

@: no status effects
A: no striking features
a: Renounce Religion, Upheaval


You were on level 8 of the Dungeon.
You worshipped Qazlal.
Qazlal was pleased with you.
You visited 2 branches of the dungeon, and saw 9 of its levels.
You also visited: Ossuary.

You collected 494 gold pieces.

Inventory:

Hand Weapons
 a - a +0 war axe of electrocution (weapon)
Missiles
 q - 2 throwing nets (quivered)
 v - a curare-tipped dart
 y - 8 boomerangs of dispersal
Armour
 b - a +0 scale mail (worn)
 c - a +0 kite shield (worn)
Jewellery
 i - an amulet of regeneration (around neck)
 m - a ring of wizardry (left hand)
 p - a ring of wizardry (right hand)
Wands
 j - a wand of flame (79)
 u - a wand of iceblast (8)
Scrolls
 e - 2 scrolls of fear
 g - 2 scrolls of blinking
 o - 2 scrolls of amnesia
 s - a scroll of fog
 t - 5 scrolls of identify
 B - a scroll of teleportation {unknown}
 C - a scroll of magic mapping {unknown}
Potions
 d - a potion of might
 f - 5 potions of curing
 h - 2 potions of mutation
 k - a potion of brilliance
 l - 3 potions of flight
 n - 3 potions of haste
 r - a potion of heal wounds
 w - 2 potions of cancellation
 x - a potion of degeneration
 z - a potion of attraction {unknown}
 A - a potion of ambrosia {unknown}


   Skills:
 + Level 8.7 Fighting
 * Level 12.2 Axes
 + Level 7.9 Armour
 - Level 3.2 Shields
 + Level 2.9 Invocations


You had 8 spell levels left.
You didn't know any spells.
Your spell library contained the following spells:

 Spells                   Type           Power      Damage    Failure   Level
 Foxfire                  Conj/Fire      0%         2x1d4     71%         1
 Conjure Flame            Conj/Fire      0%         6-21      96%         3
 Inner Flame              Hex/Fire       0%         N/A       96%         3
 Spider Form              Tmut/Pois      0%         N/A       96%         3
 Sticky Flame             Conj/Fire      0%         2d3       100%        4
 Summon Ice Beast         Ice/Summ       0%         N/A       100%        4
 Fireball                 Conj/Fire      0%         3d3       100%        5
 Summon Forest            Summ/Tloc      0%         N/A       100%        5
 Statue Form              Tmut/Erth      0%         N/A       100%        6


Dungeon Overview and Level Annotations

Branches:
Dungeon (8/15)             Temple (1/1) D:5         Ossuary (visited)
   Lair: D:8-11

Altars:
Ashenzari
Dithmenos
Elyvilon
Fedhas
Gozag
Kikubaaqudgha
Makhleb
Nemelex Xobeh
Okawaru
Qazlal
Ru
Sif Muna
Trog
Uskayaw
Vehumet
Wu Jian
Xom
Yredelemnul
Zin

Shops:
D:6 =(   D:8 :


Message History

You resist with some effort. The wolf bites you.
The black bear completely misses you.
The black bear claws you but does no damage. x2
The basilisk bites you.
* * * LOW HITPOINT WARNING * * *
The wolf bites you.
* * * LOW HITPOINT WARNING * * *
The wolf bites you.
* * * LOW HITPOINT WARNING * * *
The black bear bites you but does no damage.
The black bear claws you but does no damage. x2
The basilisk bites you but does no damage.
The wolf bites you!
* * * LOW HITPOINT WARNING * * *
The black bear bites you.
* * * LOW HITPOINT WARNING * * *
The black bear claws you but does no damage. x2
The wolf bites you.
* * * LOW HITPOINT WARNING * * *
The basilisk gazes at you. You resist with some effort. The wolf bites you.
* * * LOW HITPOINT WARNING * * *
The black bear bites you but does no damage.
The black bear claws you.
* * * LOW HITPOINT WARNING * * *
The black bear claws you but does no damage.
The wolf barely misses you. The wolf bites you!
* * * LOW HITPOINT WARNING * * *
The black bear bites you.
* * * LOW HITPOINT WARNING * * *
The black bear claws you but does no damage. x2
The basilisk bites you but does no damage.
You turn to flesh and can move again.
You hit the basilisk. Lightning courses through the basilisk!
The basilisk is heavily wounded.
You miss the basilisk. You hit the black bear. You hit the wolf.
You block the wolf's attack. The basilisk bites you!
You die... .....P.
PP#

.... ....... ..# ...#
..... .......##>. #....
.... .......... .... ...
..∩...... #.... . #.##
.........###..## .. ...#
................#... ..#
#..###.....lhh.......
).##.....#.....l@.......#
†......###.............#
†).....#...............#
##......#.##.#....##...#
###.....#.##.#..#......#
..##............#......#
.:##.................#.#
###..................# #
##.....................


You could see 2 basilisks, a black bear and a wolf.

Vanquished Creatures
  A tengu conjurer (D:8)
  Sigmund (D:3)
  A steam dragon (D:7)
  Menkaure (D:7)
  2 black bears
  2 ogres
  An orc warrior (D:7)
  A necrophage (D:4)
  3 centaurs
  2 kobold brigands
  A phantom (D:6)
  An elf zombie (Ossuary)
  3 bullfrogs
  2 gnoll sergeants
  3 scorpions
  A human zombie (Ossuary)
  A jelly (D:6)
  4 hounds
  A gnoll shaman (D:8)
  Jessica (D:3)
  3 iguanas
  Natasha (thrice) (D:2)
  3 orc wizards
  A killer bee zombie (D:7)
  2 hound zombies (Ossuary)
  2 hound skeletons
  4 mummies (Ossuary)
  A howler monkey zombie (D:7)
  14 gnolls
  An adder (D:5)
  A howler monkey skeleton (D:6)
  A shadow imp (D:6)
  2 white imps
  An ufetubus (D:4)
  2 adder zombies (Ossuary)
  A worm (D:3)
  3 dart slugs
  13 orcs
  7 ball pythons
  4 bats
  An endoplasm (D:3)
  3 giant cockroaches
  A gnoll zombie (Ossuary)
  6 goblins
  5 hobgoblins
  5 jackals
  7 quokkas
  3 frilled lizards
  A goblin zombie (Ossuary)
  2 jackal zombies (Ossuary)
  17 kobolds
  2 orc zombies (Ossuary)
  7 rats
162 creatures vanquished.

Vanquished Creatures (others)
  A gnoll (D:8)
  A fungus (D:8)
  16 plants
  11 withered plants (D:3)
29 creatures vanquished.

Grand Total: 191 creatures vanquished

Notes
Turn   | Place    | Note
-------+----------+-------------------------------------------
     0 | D:1      | kae the Hill Orc Fighter began the quest for the Orb.
     0 | D:1      | Reached XP level 1. HP: 19/19 MP: 1/1
    20 | D:1      | Reached skill level 3 in Axes
    32 | D:1      | Reached XP level 2. HP: 16/27 MP: 2/2
   369 | D:1      | Reached XP level 3. HP: 20/33 MP: 3/3
   681 | D:1      | Reached skill level 4 in Axes
  1375 | D:2      | Reached XP level 4. HP: 4/41 MP: 4/4
  1854 | D:2      | Noticed Natasha
  1860 | D:2      | Killed Natasha
  1861 | D:2      | Reached skill level 5 in Axes
  2264 | D:2      | Noticed Natasha
  2269 | D:2      | Killed Natasha
  2270 | D:2      | Reached XP level 5. HP: 39/47 MP: 5/5
  2563 | D:2      | Noticed Natasha
  2567 | D:2      | Killed Natasha
  3108 | D:3      | Noticed Jessica
  3111 | D:3      | Killed Jessica
  3195 | D:3      | Found an iron altar of Okawaru.
  3332 | D:3      | Noticed Sigmund
  3342 | D:3      | Killed Sigmund
  3343 | D:3      | Reached skill level 5 in Fighting
  3343 | D:3      | Reached skill level 6 in Axes
  3343 | D:3      | Reached XP level 6. HP: 20/56 MP: 6/6
  3542 | D:3      | Found a faded altar of an unknown god.
  3562 | D:3      | Found an opulent altar of Gozag.
  3942 | D:4      | Identified the Catalogue of Calling and Changing
  3997 | D:4      | Noticed a necrophage
  4030 | D:4      | Killed a necrophage
  4031 | D:4      | Reached skill level 7 in Axes
  4031 | D:4      | Reached skill level 5 in Armour
  4031 | D:4      | Reached XP level 7. HP: 61/61 MP: 7/7
  4080 | D:4      | Found a hide-covered altar of Uskayaw.
  4438 | D:5      | Entered Level 5 of the Dungeon
  4694 | D:5      | Found a staircase to the Ecumenical Temple.
  4799 | Temple   | Entered the Ecumenical Temple
  4986 | Temple   | Became a worshipper of Qazlal Stormbringer
  5185 | D:5      | Reached skill level 8 in Axes
  5666 | D:6      | Found Gosi's Jewellery Shoppe.
  5681 | D:6      | Reached XP level 8. HP: 69/71 MP: 8/8
  5856 | D:6      | Found Yshof's Weapon Emporium.
  5869 | D:6      | Reached skill level 9 in Axes
  5960 | D:6      | Reached * piety under Qazlal
  5973 | D:6      | Reached skill level 10 in Axes
  6180 | D:7      | Found a sand-covered staircase.
  6185 | Ossuary  | Entered an ossuary
  6200 | Ossuary  | Reached XP level 9. HP: 72/80 MP: 9/9
  6420 | D:7      | Reached ** piety under Qazlal
  6421 | D:7      | Reached skill level 11 in Axes
  6545 | D:7      | Noticed Menkaure
  6554 | D:7      | Killed Menkaure
  6921 | D:7      | Reached skill level 1 in Invocations
  7026 | D:8      | Noticed a tengu conjurer
  7040 | D:8      | Killed a tengu conjurer
  7041 | D:8      | Reached skill level 12 in Axes
  7044 | D:8      | Found Xeugiq's Book Shoppe.
  7157 | D:8      | Slain by a basilisk

Illustrated notes

Levels and vault maps discovered:
D:1:      amcnicky_arrival_gap_in_the_tavern_cellar, layout_loops_cross
D:2:      layout_loops_ring, kennysheep_small_spiral, uniq_natasha
D:3:      layout_basic, amcnicky_altar_gilded, nicolae_gozag_seed_capital,
          shapermc_ecumenical_altar_flowoftime, uniq_jessica, uniq_sigmund
D:4:      layout_rooms, nicolae_uskayaw_dance_hall
D:5:      layout_layer_cave, minmay_temple_entry_stoned_glass
D:6:      layout_basic, serial_shops,
          nicolae_shop_temple_entry_statues_fountains, shop, serial_bayou_pond_d
D:7:      layout_cave_pools, nicolae_ossuary_entry_plus, uniq_menkaure
D:8:      layout_cave_pools, minmay_lair_entry_grove, serial_shops, shop,
          serial_gnoll_camp, gnoll_camp_medium_01, gnoll_camp_mini_basic,
          gnoll_camp_huts_basic, gnoll_camp_mini_house, minmay_microvault
Temple:   eino_temple_scatter_basement

Skill      XL: |  1  2  3  4  5  6  7  8  9 |
---------------+----------------------------+-----
Axes           | 3 4 5 6 7 8 10 12 | 12.2
Fighting       | 4 5 6 7 8 |  8.7
Armour         | 4 5 6 7 |  7.9
Invocations    | 2 |  2.9
Shields        | |  3.2

Action                   |  1- 3 |  4- 6 |  7- 9 || total
-------------------------+-------+-------+-------++-------
Melee: War axe           |   118 |    87 |   231 ||   436
Evoke: Wand              |       |     1 |       ||     1
  Use: Scroll            |     5 |     8 |     2 ||    15
       Potion            |     1 |       |       ||     1
Armor: Scale mail        |    55 |    18 |   173 ||   246
Dodge: Dodged            |    36 |    18 |    94 ||   148
Block: Kite shield       |    69 |    21 |   164 ||   254

Table legend: (Time is in decaauts)
 A = Elapsed time spent in this place.
 B = Non-inter-level travel time spent in this place.
 C = Inter-level travel time spent in this place.
 D = Time resting spent in this place.
 E = Time spent auto-exploring this place.
 F = Levels seen in this place.
 G = Mean time per level.
                   A        B        C        D        E       F      G
               +--------+--------+--------+--------+--------+-----+--------+
         Total |   7347 |   7102 |    245 |     99 |   5847 |  10 |  734.7 |
       Dungeon |   6949 |   6740 |    209 |     99 |   5551 |   8 |  868.6 |
        Temple |    208 |    173 |     35 |      0 |    171 |   1 |  208.0 |
       Ossuary |    189 |    189 |      0 |      0 |    125 |   1 |  189.0 |
               +--------+--------+--------+--------+--------+-----+--------+

Top non-repeatable levels by time:
     D:2: 1788 daAuts
     D:3: 1224 daAuts
     D:1: 995 daAuts
     D:5: 972 daAuts
     D:7: 640 daAuts
     D:6: 566 daAuts
     D:4: 563 daAuts
  Temple: 208 daAuts
     D:8: 197 daAuts
 Ossuary: 189 daAuts
